 Dungeon Crawl Stone Soup version 0.30.0-29-ga12c61a403 (webtiles) character file.

Game seed: 2294317176755382951

3284 cheesebisquit the Slicer (level 9, -3/44 HPs)
             Began as a Spriggan Enchanter on June 8, 2023.
             Was a Follower of Dithmenos.
             Slain by Joseph
             ... wielding a +0 quarterstaff
              (16 damage)
             ... on level 7 of the Dungeon.
             The game lasted 00:57:48 (10773 turns).

cheesebisquit the Slicer (Spriggan Enchanter)      Turns: 10773, Time: 00:57:48

Health: -3/44      AC:  4    Str: 10    XL:     9   Next: 69%
Magic:  2/14       EV: 20    Int: 19    God:    Dithmenos [*.....]
Gold:   212        SH:  8    Dex: 17    Spells: 3/14 levels left

rFire   . . .        I - +3 dagger
rCold   + + .        u - +3 buckler
rNeg    . . .        k - +2 robe {rC+}
rPois   .            (helmet restricted)
rElec   .            (no cloak)
rCorr   .            (gloves unavailable)
SInv    +            (boots unavailable)
Will    +....        n - amulet of magic regeneration
Stlth   +++++        b - ring of protection from cold
HPRegen 0.27/turn    t - +6 ring of strength
MPRegen 0.54/turn

%: no passive effects
@: wreathed by umbra, very quick
A: very small, no large weapons, unfitting armour, see invisible, speed 3
a: Renounce Religion


You were on level 7 of the Dungeon.
You worshipped Dithmenos.
Dithmenos was aware of your devotion.
You visited 2 branches of the dungeon, and saw 8 of its levels.
You also visited: Ossuary.

You collected 393 gold pieces.
You spent 181 gold pieces at shops.

Inventory:

Hand Weapons
 I - a +3 dagger (weapon)
Missiles
 p - 6 poisoned darts (quivered)
Armour
 k - a +2 robe of cold resistance (worn)
 u - a +3 buckler (worn)
Jewellery
 b - a ring of protection from cold (left hand)
 h - an amulet of the acrobat
 m - a ring of flight
 n - an amulet of magic regeneration (around neck)
 t - a +6 ring of strength (right hand)
 y - a ring of ice
 H - a ring of protection from fire
Wands
 v - a wand of paralysis (6)
 w - a wand of acid (7)
 B - a wand of mindburst (15)
 D - a wand of digging (3)
Scrolls
 a - a scroll of immolation {unknown}
 d - a scroll of enchant weapon {unknown}
 f - a scroll of vulnerability {unknown}
 g - a scroll of noise
 z - a scroll of poison {unknown}
 F - a scroll of amnesia {unknown}
 G - a scroll of silence {unknown}
Potions
 c - 2 potions of degeneration
 e - a potion of heal wounds
 i - a potion of mutation {unknown}
 j - a potion of might
 l - a potion of resistance
 o - 4 potions of flight
 q - a potion of berserk rage
 r - 4 potions of attraction
 s - 4 potions of lignification
 x - a potion of brilliance
 A - 2 potions of cancellation
 C - 3 potions of invisibility
 E - 2 potions of curing


   Skills:
 + Level 3.2 Fighting
 - Level 10.0 Short Blades
 + Level 6.1 Dodging
 + Level 7.8 Stealth
 + Level 2.1 Shields
 - Level 3.0 Spellcasting
 + Level 2.4 Conjurations
 + Level 6.1 Hexes
 + Level 2.6 Ice Magic


You had 3 spell levels left.
You knew the following spells:

 Your Spells              Type           Power      Damage    Failure   Level
a - Confusing Touch       Hex            26%        N/A       5%          3
b - Tukima's Dance        Hex            26%        N/A       5%          3
c - Ensorcelled Hibernat  Hex/Ice        38%        N/A       5%          2
d - Dazzling Flash        Conj/Hex       38%        N/A       12%         3

Your spell library contained the following spells:

 Spells                   Type           Power      Damage    Failure   Level
 Freeze                   Ice            48%        1d6       8%          1
 Apportation              Tloc           4%         N/A       22%         1
 Necrotise                Necr           8%         1d4       22%         1
 Summon Small Mammal      Summ           8%         N/A       22%         1
 Frozen Ramparts          Ice            24%        1d4       22%         3
 Hailstorm                Conj/Ice       12%        3d5       24%         3
 Passwall                 Tmut/Erth      1%         N/A       32%         2
 Swiftness                Air            2%         N/A       54%         3
 Animate Dead             Necr           2%         N/A       91%         4
 Borgnjor's Vile Clutch   Necr/Erth      1%         N/A       99%         5
 Death Channel            Necr           1%         N/A       100%        6


Dungeon Overview and Level Annotations

Branches:
Dungeon (7/15)             Temple (1/1) D:7         Ossuary (visited)

Altars:
Ashenzari
Cheibriados
Dithmenos
Elyvilon
Fedhas
Gozag
Hepliaklqana
Kikubaaqudgha
Makhleb
Nemelex Xobeh
Okawaru
Qazlal
Ru
Sif Muna
Trog
Uskayaw
Vehumet
Wu Jian
Xom
Yredelemnul
Zin
The Shining One

Shops:
D:6 *

Annotations:
D:4 3 runed translucent doors, Dowan; Duvessa; safid's ghost, amateur MfIE
D:7 Joseph


Innate Abilities, Weirdness & Mutations

You are very small and have problems with some larger weapons.
You are too small for most types of armour.
You have supernaturally acute eyesight. (SInv)
You cover ground extremely quickly. (Speed+++)


Message History

You hit the orc wizard.
The orc wizard is severely wounded.
You hit the orc wizard.
The orc wizard is almost dead.
Your +0 short sword hits the orc wizard.
The orc wizard dies!
Dithmenos accepts your kill.
Your +3 sling shoots a sling bullet.
The sling bullet hits Joseph!
Your +0 short sword falls from the air.
You see here a poisoned dart.
p - 6 poisoned darts (gained 1)
Your +3 sling shoots a sling bullet.
The sling bullet hits Joseph!
Your +3 sling shoots a sling bullet.
The sling bullet hits Joseph!
You see here a +0 dagger.
Okay, then.
Casting: Tukima's Dance (dangerous; 5% risk of failure)
Confirm with . or Enter, or press ? or * to list all spells.
You don't have enough magic to cast this spell.
Casting: Tukima's Dance (dangerous; 5% risk of failure)
Confirm with . or Enter, or press ? or * to list all spells.
Your hands begin to glow red.
Your +3 sling shoots a sling bullet.
The sling bullet hits Joseph.
Joseph wields a +0 quarterstaff.
Joseph misses you.
You hit Joseph but do no damage.
Joseph is heavily wounded.
Your +3 sling shoots a sling bullet.
The sling bullet hits Joseph!
You hit Joseph but do no damage.
Joseph is heavily wounded.
Joseph hits you with a +0 quarterstaff!
You hit Joseph but do no damage.
Joseph is heavily wounded.
Your +3 sling shoots a sling bullet.
The sling bullet hits Joseph.
Joseph hits you with a +0 quarterstaff!!
* * * LOW HITPOINT WARNING * * *
You hit Joseph but do no damage.
Joseph is severely wounded.
You hit Joseph but do no damage.
Joseph appears confused.
Joseph is severely wounded.
Joseph hits you with a +0 quarterstaff!
You die...

#.⌠.⌠.⌠.......## ##.[#
#.......####### #...###
##...>..## ##.....####
###..#....# #.(.......#
..#...##..####** #.........#
...............* ##....).....
..............)##### #...........
....####.....).[).)###........[..
....# *......).@@))...8.8........
##..#**.........##†#8............
##.#*,,,.8....)*#...............
#.#*,,,.......,##8.....(.......
#.#*,,,.8.8.....#..[...........
#.#*,,,.(................8.....
#.#**,,.......##...............
#.# *,,.......*###8............
#.# *,,,,,,,,,* ###8.8......##


You could see Joseph (confused, ally target) and a friendly +3 sling.

Vanquished Creatures
  Prince Ribbit (D:7)
  Sigmund (D:2)
  A wyvern (D:7)
  A golden eye (D:4)
  A water moccasin (D:6)
  An orc warrior (D:7)
  2 ice beasts
  A black bear (D:6)
  4 ogres
  2 centaurs
  2 phantoms
  2 kobold brigands
  3 scorpions
  5 water moccasin zombies (Ossuary)
  A howler monkey (D:6)
  2 jellies
  4 hounds
  An orc priest (D:5)
  A gnoll bouda (D:6)
  2 sleepcaps
  Jessica (D:2)
  5 iguanas
  Terence (D:3)
  4 orc wizards
  2 mummies (Ossuary)
  9 gnolls
  An adder (D:4)
  2 white imps
  2 ufetubi
  5 adder zombies (Ossuary)
  2 worms (D:3)
  6 dart slugs
  12 orcs
  6 ball pythons
  5 bats (D:1)
  5 endoplasms
  3 giant cockroaches
  2 gnoll zombies (Ossuary)
  3 goblins
  4 hobgoblins
  5 quokkas
  2 frilled lizards
  4 hobgoblin zombies (Ossuary)
  A jackal zombie (D:7)
  9 kobolds
  10 kobold zombies (Ossuary)
  5 orc zombies (Ossuary)
  5 rats
  A rat zombie (D:7)
160 creatures vanquished.

Vanquished Creatures (collateral kills)
  An orc wizard (D:7)
  2 gnolls (D:6)
  5 orcs
  6 kobolds
14 creatures vanquished.

Vanquished Creatures (others)
  18 dancing weapons
18 creatures vanquished.

Grand Total: 192 creatures vanquished

Notes
Turn   | Place    | Note
-------+----------+-------------------------------------------
     0 | D:1      | cheesebisquit the Spriggan Enchanter began the quest for
                  | the Orb.
     0 | D:1      | Reached XP level 1. HP: 9/9 MP: 5/5
   125 | D:1      | Reached skill level 2 in Short Blades
   183 | D:1      | Reached XP level 2. HP: 13/13 MP: 6/6
   191 | D:1      | Found a faded altar of an unknown god.
   476 | D:1      | Reached skill level 3 in Short Blades
   977 | D:2      | You fall into a shaft and drop 1 floor!
  1049 | D:2      | Noticed Sigmund
  1116 | D:2      | Reached XP level 3. HP: 12/16 MP: 8/8
  1224 | D:2      | Found a sparkling altar of Nemelex Xobeh.
  1259 | D:2      | Noticed Jessica
  1266 | D:2      | Killed Jessica
  1267 | D:2      | Reached skill level 4 in Short Blades
  1544 | D:2      | Killed Sigmund
  1545 | D:2      | Reached skill level 6 in Short Blades
  1545 | D:2      | Reached XP level 4. HP: 21/21 MP: 9/9
  1545 | D:2      | Reached XP level 5. HP: 24/24 MP: 10/10
  1935 | D:3      | Found an opulent altar of Gozag.
  2054 | D:3      | Found a sparkling altar of Nemelex Xobeh.
  2125 | D:3      | Found a basalt altar of Yredelemnul.
  2569 | D:3      | Noticed Terence
  2576 | D:3      | Killed Terence
  2577 | D:3      | Reached XP level 6. HP: 28/28 MP: 11/11
  2734 | D:4      | Reached skill level 7 in Short Blades
  3248 | D:4      | Noticed safid's ghost (amateur MfIE)
  3283 | D:4      | Found a runed translucent gate.
  3283 | D:4      | Found a runed translucent gate.
  3283 | D:4      | Found a runed translucent gate.
  4024 | D:4      | a killer bee changed into a golden eye
  4024 | D:4      | Noticed a golden eye
  4115 | D:3      | Reached skill level 8 in Short Blades
  4317 | D:3      | Reached XP level 7. HP: 29/32 MP: 12/12
  4827 | D:4      | Killed a golden eye
  4828 | D:4      | Reached skill level 9 in Short Blades
  5081 | D:4      | Noticed Duvessa
  5081 | D:4      | Noticed Dowan
  5199 | D:5      | Entered Level 5 of the Dungeon
  5271 | D:5      | Learned a level 3 spell: Confusing Touch
  5275 | D:5      | Learned a level 3 spell: Tukima's Dance
  5278 | D:5      | Learned a level 2 spell: Ensorcelled Hibernation
  5282 | D:5      | Learned a level 3 spell: Dazzling Flash
  5524 | D:5      | HP: 1/32 [orc priest/divine providence (13)]
  5694 | D:5      | Reached XP level 8. HP: 33/37 MP: 13/13
  5706 | D:5      | HP: 1/37 [ogre/+0 giant spiked club (25)]
  5709 | D:5      | Reached skill level 1 in Fighting
  5709 | D:5      | Reached skill level 5 in Stealth
  7653 | D:6      | Found Geryjo Cayki's Assorted Antiques.
  8249 | D:6      | Bought a scroll of identify for 46 gold pieces
  8251 | D:6      | Bought a metallic blue potion for 20 gold pieces
  8251 | D:6      | Bought a scroll labelled AFFOS YVVENOOD for 23 gold pieces
  8251 | D:6      | Bought a short lead wand for 92 gold pieces
  8331 | D:6      | Reached skill level 10 in Short Blades
  8556 | D:6      | Reached skill level 1 in Conjurations
  8556 | D:6      | Reached skill level 1 in Ice Magic
  8614 | D:6      | Reached skill level 5 in Hexes
  8755 | D:6      | Reached skill level 1 in Shields
  8893 | D:6      | Reached skill level 5 in Dodging
  8893 | D:6      | Reached XP level 9. HP: 42/42 MP: 11/14
  9359 | D:7      | Found a sand-covered staircase.
  9393 | D:7      | Found a staircase to the Ecumenical Temple.
  9408 | Temple   | Entered the Ecumenical Temple
  9609 | Temple   | Became a worshipper of Dithmenos the Shadowed
  9644 | Ossuary  | Entered an ossuary
  9853 | Ossuary  | Reached * piety under Dithmenos
 10091 | D:7      | Noticed Joseph
 10375 | D:7      | Noticed Prince Ribbit
 10390 | D:7      | Killed Prince Ribbit
 10449 | D:7      | Found a hide-covered altar of Uskayaw.
 10773 | D:7      | Slain by Joseph

Illustrated notes

Levels and vault maps discovered:
D:1:      minmay_arrival_four_houses, layout_basic,
          ebering_ecumenical_altar_mist
D:2:      layout_rooms, basic_altar, minmay_misc_feat_alley, uniq_jessica,
          uniq_sigmund
D:3:      layout_loops_ring, mainiacjoe_overflow_chevrons,
          mainiacjoe_overflow_catch_the_wave, chequers_jeans,
          minmay_pentomino_pile, uniq_terence
D:4:      layout_basic, gammafunk_ghost_icy, grunt_decor_fettered,
          grunt_ministairs_1, minmay_fire_ice_demons, uniq_duvessa
D:5:      layout_basic
D:6:      layout_basic, serial_shops, nicolae_shop_tiny_waterfront,
          kennysheep_generic_room_11
D:7:      layout_cave_pods, eat_drink_and_be_merry_uskayaw,
          minmay_temple_entry_drinking_statues, enter_ossuary_3,
          serial_column_ruins, column_ruins_circle_medium,
          column_ruins_courtyard_long_water, column_ruins_columns_corner,
          column_ruins_grid_1, column_ruins_grid_1, column_ruins_grid_2,
          uniq_prince_ribbit1, uniq_joseph
Temple:   eino_narrow_crystal_temple

Skill      XL: |  1  2  3  4  5  6  7  8  9 |
---------------+----------------------------+-----
Short Blades   | 2 3 6 8 9 10 | 10.0
Dodging        | 3 5 6 |  6.1
Spellcasting   | 3 |  3.0
Hexes          | 4 5 6 |  6.1
Fighting       | 2 3 |  3.2
Stealth        | 6 7 |  7.8
Conjurations   | 1 2 |  2.4
Ice Magic      | 1 2 |  2.6
Shields        | 1 2 |  2.1

Action                     |  1- 3 |  4- 6 |  7- 9 || total
---------------------------+-------+-------+-------++-------
  Melee: Dagger            |   117 |   205 |   610 ||   932
         Punch             |     1 |     2 |     5 ||     8
  Throw: Boomerang         |       |       |     1 ||     1
         Dart              |       |       |    33 ||    33
         Throwing net      |       |       |     1 ||     1
   Cast: Tukima's Dance    |       |       |    54 ||    54
         Confusing Touch   |       |       |    67 ||    67
         Ensorcelled Hiber |       |       |     2 ||     2
  Evoke: Wand              |       |     2 |     1 ||     3
    Use: Scroll            |       |     7 |    15 ||    22
         Potion            |       |     6 |       ||     6
   Stab: Sleeping          |    11 |     9 |     9 ||    29
         Invisible         |       |     3 |       ||     3
         Confused          |       |       |    49 ||    49
 Armour: Robe              |    14 |    13 |    41 ||    68
  Dodge: Dodged            |    80 |    86 |   269 ||   435
  Block: Buckler           |       |       |    48 ||    48
